 Dungeon Crawl Stone Soup version 0.26.0-10-g1f06aea511 (webtiles) character file.

Game seed: 656619499396983400

248 septik the Chopper (level 5, -3/47 HPs)
             Began as a Minotaur Berserker on Jan 28, 2021.
             Was a Believer of Trog.
             Slain by Grinder (11 damage)
             ... on level 3 of the Dungeon.
             The game lasted 00:05:13 (2437 turns).

septik the Chopper (Minotaur Berserker)             Turns: 2437, Time: 00:05:16

Health: -3/47      AC:  6    Str: 21 (22) XL:     5   Next: 86%
Magic:  4/4        EV: 13    Int:  3 (4)  God:    Trog [**....]
Gold:   184        SH:  0    Dex:  9 (10) Spells: 4/4 levels left

rFire    . . .     SeeInvis .   p - +4 quarterstaff (chaos)
rCold    . . .     Faith    .   (shield currently unavailable)
rNeg     . . .     Spirit   .   b - +0 animal skin
rPois    .         Reflect  .   (helmet restricted)
rElec    .         Harm     .   q - +2 cloak
rCorr    .         Rampage  .   (no gloves)
Will     .....                  s - +0 pair of boots
Stlth    +.........             (no amulet)
HPRegen  0.15/turn              (no ring)
MPRegen  0.09/turn              (no ring)

@: berserk cooldown, very slightly contaminated, slowed, invisible, very slow
A: retaliatory headbutt, horns 2
a: Renounce Religion, Berserk, Trog's Hand


You were on level 3 of the Dungeon.
You worshipped Trog.
Trog was pleased with you.
You visited 1 branch of the dungeon, and saw 3 of its levels.

You collected 184 gold pieces.

Inventory:

Hand Weapons
 a - a +0 hand axe
 p - a +4 quarterstaff of chaos (weapon)
Armour
 b - a +0 animal skin (worn)
 q - a +2 cloak (worn)
 s - a +0 pair of boots (worn)
Jewellery
 g - a cursed amulet of inaccuracy {unknown}
 o - a +4 ring of evasion
Wands
 i - a wand of flame (7)
Scrolls
 c - 2 scrolls of remove curse {unknown}
 d - a scroll of magic mapping {unknown}
 h - 3 scrolls of identify {unknown}
 j - a scroll of noise {unknown}
 l - a scroll of amnesia {unknown}
 r - a scroll of teleportation {unknown}
Potions
 f - 3 potions of curing
 m - a potion of cancellation {unknown}
 n - 4 potions of attraction {unknown}
 t - a potion of flight {unknown}


   Skills:
 + Level 4.8 Fighting
 * Level 5.8 Axes
 + Level 3.9 Armour
 + Level 3.5 Dodging


You had 4 spell levels left.
You didn't know any spells.
Your spell library was empty.

Dungeon Overview and Level Annotations

Branches:
Dungeon (3/15)

Altars:

Annotations:
D:3 Grinder


Innate Abilities, Weirdness & Mutations

You reflexively headbutt those who attack you in melee.
You have a pair of horns on your head.


Message History

The hobgoblin closely misses you. Grinder closely misses you.
The hobgoblin barely misses you. Grinder closely misses you.
It was a potion of invisibility.
You fade into invisibility!
The hobgoblin barely misses you. You furiously retaliate!
You headbutt the hobgoblin. Grinder hits you. The hobgoblin closely misses you.
You are very lightly contaminated with residual magic.
Unknown command.
It was a potion of curing.
You feel better. Grinder hits you.
You writhe in agony.
The hobgoblin barely misses you. Grinder gestures at you.
Pain shoots through your body!
* * * LOW HITPOINT WARNING * * *
It was a potion of degeneration.
There was something very wrong with that liquid.
You feel weakened.
You feel dopey.
You feel clumsy. The hobgoblin hits you.
* * * LOW HITPOINT WARNING * * *
Grinder hits you!
You die...

# #.#.# #...# #.
#...#######...####
##.###......(.........
.......)..............
.##..[).....(........
#.....######...####
#.........##.#.#
#.##5........#.###.#
#....@g>.....## ##
######.........
#.......##. #.......#
#..(....# .........
#.##.#### #.# .# #.#
.#


You could see Grinder (resistant) and a hobgoblin.

Vanquished Creatures
  An orc priest (D:3)
  Crazy Yiuf (D:2)
  A bullfrog skeleton (D:3)
  Robin (D:2)
  5 adders
  4 oozes
  A worm (D:2)
  A leopard gecko (D:1)
  4 orcs (D:3)
  A ball python (D:1)
  A giant cockroach (D:1)
  11 hobgoblins
  A quokka (D:2)
  9 bats
  8 frilled lizards
  20 goblins
  8 kobolds
  6 rats
84 creatures vanquished.

Vanquished Creatures (others)
  5 fungi (D:2)
5 creatures vanquished.

Grand Total: 89 creatures vanquished

Notes
Turn   | Place    | Note
-------+----------+-------------------------------------------
     0 | D:1      | septik the Minotaur Berserker began the quest for the Orb.
     0 | D:1      | Reached XP level 1. HP: 19/19 MP: 0/0
   105 | D:1      | Reached skill level 4 in Axes
   105 | D:1      | Reached XP level 2. HP: 27/27 MP: 1/1
   489 | D:1      | Reached XP level 3. HP: 33/33 MP: 2/2
   598 | D:2      | Reached ** piety under Trog
   765 | D:2      | Reached XP level 4. HP: 34/40 MP: 3/3
  1010 | D:2      | Noticed Robin
  1266 | D:2      | Reached skill level 5 in Axes
  1275 | D:2      | Killed Robin
  1393 | D:2      | Found a runed translucent door.
  1394 | D:2      | Noticed Crazy Yiuf
  1870 | D:2      | Killed Crazy Yiuf
  1871 | D:2      | Reached XP level 5. HP: 31/47 MP: 4/4
  2422 | D:3      | Noticed Grinder
  2437 | D:3      | Slain by Grinder

Illustrated notes

Levels and vault maps discovered:
D:1:      lemuel_arrival_lava_pool, layout_rooms
D:2:      layout_basic, uniq_crazy_yiuf_cottage, uniq_robin
D:3:      layout_loops_cross, uniq_jessica, uniq_sigmund, uniq_grinder

Skill      XL: |  1  2  3  4 |
---------------+-------------+-----
Axes           | 4 5 |  5.8
Fighting       | 4 |  4.8
Armour         | 3 |  3.9
Dodging        | 3 |  3.5

Action                   |  1- 3 |  4- 6 || total
-------------------------+-------+-------++-------
Melee: Hand axe          |    76 |    59 ||   135
       Headbutt          |    12 |    14 ||    26
       Quarterstaff      |       |    27 ||    27
Invok: Berserk           |     2 |     1 ||     3
  Use: Potion            |       |     3 ||     3
Armor: Animal skin       |    17 |    16 ||    33
Dodge: Dodged            |    75 |    63 ||   138
